Map: Acid Plant LE

Players

soul - Winner!

  • Race: Terran Terran
  • Spawn Location: 5:00

PappiJoe

  • Race: Protoss Protoss
  • Spawn Location: 11:00

Event: WCS Valencia 2018

VOD

Have the link to the VOD?

Description

Time

  • Played on: July 12, 2018, 7:46 a.m.
  • Length: 10:15

All games in this series

Show
View Real Time Build Order
Export as new Build Order

soul Terran - Winner!

Build Orders: Gas First Reaper Expand, Reaper Expand, MMM Bio, Banshee Rush 

Get SALT Encoding   

  12  0:00  SCV  
  13  0:13  SCV  
  14  0:17  Supply Depot  
  14  0:25  SCV  
  14  0:28  Refinery  
  15  0:38  SCV  
  16  0:44  Barracks  
  16  0:50  SCV  
  17  1:03  SCV  
  18  1:15  SCV  
  19  1:31  Reaper, Orbital Command  
  20  1:48  Command Center  
  20  1:57  SCV  
  20  2:01  Factory  
  21  2:06  Refinery  
  21  2:10  SCV  
  21  2:12  Barracks Reactor  
  22  2:19  Supply Depot  
  22  2:22  SCV  
  23  2:40  SCV  
  24  2:47  Starport  
  24  2:53  SCV  
  24  2:55  Hellion x2  
  29  3:03  Orbital Command  
  29  3:05  Barracks Tech Lab, SCV  
  30  3:20  SCV  
  31  3:30  Supply Depot, SCV  
  31  3:33  SCV  
  32  3:35  Cloaking Field  
  32  3:36  Banshee  
  32  3:38  Factory Tech Lab  
  32  3:39  Marine  
  36  3:41  Marine  
  36  3:42  SCV  
  36  3:45  SCV  
  39  3:54  SCV  
  40  3:57  Bunker, Supply Depot, SCV  
  40  4:00  Siege Tank  
  44  4:07  SCV  
  44  4:08  Marine x2  
  44  4:09  SCV  
  48  4:19  SCV  
  48  4:21  SCV, Banshee  
  53  4:26  Marine x2  
  53  4:31  SCV  
  56  4:34  SCV  
  56  4:37  Supply Depot  
  57  4:38  Supply Depot  
  57  4:39  Siege Tank  
  57  4:44  Marine  
  62  4:53  SCV  
  62  4:57  Command Center  
  62  4:58  Marine  
  63  5:00  SCV  
  63  5:01  Marine  
  63  5:05  SCV  
  63  5:06  Raven  
  68  5:12  SCV  
  69  5:16  Marine  
  69  5:19  Marine  
  71  5:24  Barracks  
  71  5:25  Engineering Bay, Refinery, Barracks  
  71  5:27  SCV  
  72  5:30  Supply Depot  
  72  5:34  Marine  
  73  5:37  Supply Depot, SCV, Marine  
  73  5:39  SCV, Refinery  
  73  5:42  Siege Tank  
  77  5:49  SCV  
  75  5:51  SCV  
  75  5:52  Marine  
  75  5:55  Marine  
  70  6:01  SCV  
  70  6:04  SCV  
  69  6:09  Marine  
  69  6:13  SCV, Marine  
  69  6:16  SCV  
  72  6:23  Marine  
  72  6:24  Starport Reactor  
  72  6:25  SCV  
  71  6:27  Marine  
  71  6:30  Stimpack, Marine  
  70  6:33  SCV  
  70  6:37  SCV  
  62  6:41  Marine  
  62  6:45  SCV, Marine  
  62  6:46  Orbital Command  
  61  6:47  Barracks Tech Lab  
  61  6:48  Marine  
  61  6:49  SCV  
  63  6:57  SCV  
  63  6:58  Marine  
  65  7:01  SCV  
  65  7:02  Barracks  
  65  7:03  Terran Infantry Weapons Level 1, Marine  
  65  7:04  Barracks  
  67  7:08  Combat Shields  
  67  7:09  SCV  
  67  7:13  Bunker, SCV  
  70  7:17  Orbital Command  
  70  7:18  Medivac x2  
  73  7:23  Marine, Marauder  
  73  7:25  SCV  
  73  7:29  Marine  
  80  7:30  Marauder  
  80  7:33  SCV  
  81  7:40  Marine  
  81  7:44  Marine  
  81  7:47  Marine  
  81  7:49  SCV  
  76  7:51  Siege Tank, Marauder  
  76  7:52  SCV  
  76  7:53  Medivac  
  76  7:56  Barracks Tech Lab  
  76  7:57  Medivac  
  83  7:58  Marine  
  83  8:04  Bunker  
  85  8:05  Barracks Tech Lab  
  85  8:06  Marine  
  85  8:08  Marauder  
  85  8:10  SCV  
  90  8:13  Marauder  
  90  8:14  SCV  
  90  8:15  Supply Depot  
  90  8:16  SCV  
  90  8:17  Supply Depot  
  90  8:19  Marine  
  95  8:20  Marauder  
  95  8:22  SCV  
  95  8:24  Marine  
  96  8:29  SCV, Marine  
  96  8:30  Marine  
  96  8:31  Concussive Shells  
  96  8:33  Marine  
  97  8:37  Marine  
  97  8:40  SCV  
  97  8:41  Marine  
  95  8:42  Marine  
  95  8:47  Marauder  
  95  8:48  Marine  
  99  8:52  Marauder  
  99  8:55  Marine  
  92  8:59  Marine, Marauder  
  92  9:00  SCV, Siege Tank  
  94  9:06  Marine  
  94  9:08  Marine  
  96  9:12  SCV x2  
  96  9:13  Supply Depot, Marine x2  
  100  9:17  Marine  
  100  9:19  SCV  
  100  9:20  Marine  
  100  9:23  Marine  
  104  9:26  Supply Depot, Marine  
  104  9:27  Supply Depot  
  104  9:31  SCV x2, Marine, Marauder  
  108  9:37  Marine  
  113  9:38  Marauder  
  113  9:42  Marauder  
  113  9:44  Marauder  
  117  9:48  Supply Depot, Marine  
  117  9:50  Supply Depot  
  117  9:51  SCV  
  116  9:52  Marauder  
  116  9:54  Marine  
Show
View Real Time Build Order
Export as new Build Order

PappiJoe Protoss 

Build Orders: 1 Gate Expand, Colossus Rush 

Get SALT Encoding   

  12  0:00  Probe  
  13  0:12  Probe  
  14  0:17  Pylon  
  14  0:24  Probe  
  15  0:32  Probe  
  15  0:37  Gateway  
  15  0:40  Probe  
  16  0:46  Assimilator  
  17  0:51  Probe  
  18  1:03  Probe  
  19  1:15  Probe  
  20  1:23  Nexus  
  20  1:33  Cybernetics Core  
  20  1:35  Probe  
  21  1:42  Assimilator  
  21  1:49  Probe  
  21  1:53  Pylon  
  22  2:01  Probe  
  22  2:02  Adept  
  23  2:10  Warp Gate  
  23  2:14  Probe  
  26  2:21  Robotics Facility  
  26  2:26  Probe  
  27  2:35  Probe  
  28  2:38  Stalker, Probe  
  31  2:47  Probe  
  32  2:52  Probe  
  33  2:59  Probe  
  33  3:04  Probe  
  35  3:05  Observer  
  35  3:11  Gateway  
  35  3:12  Probe x2  
  37  3:13  Gateway  
  38  3:20  Probe, Pylon  
  38  3:24  Immortal, Probe  
  40  3:31  Probe  
  39  3:36  Probe  
  44  3:44  Pylon  
  44  3:47  Probe  
  45  3:49  Probe, Assimilator  
  45  3:53  Warp Prism  
  46  3:58  Assimilator  
  46  3:59  Probe  
  46  4:02  Probe  
  50  4:14  Probe, Robotics Bay  
  51  4:18  Probe  
  51  4:22  Observer  
  52  4:27  Probe  
  54  4:34  Probe, Pylon  
  55  4:43  Stalker x2  
  55  4:44  Nexus  
  59  4:47  Pylon  
  59  4:58  Shield Battery  
  59  5:00  Probe  
  59  5:06  Probe  
  59  5:11  Pylon  
  59  5:12  Probe  
  60  5:15  Stalker x2  
  60  5:16  Stalker  
  60  5:18  Probe  
  66  5:22  Observer  
  66  5:24  Probe  
  68  5:28  Pylon  
  68  5:30  Probe, Pylon  
  69  5:37  Colossus, Probe  
  70  5:43  Stalker  
  70  5:44  Zealot  
  70  5:47  Zealot  
  74  6:08  Stalker x2  
  74  6:10  Stalker  
  66  6:38  Colossus, Zealot x3  
  68  6:43  Probe x2  
  66  6:55  Nexus  
  66  6:57  Pylon  
  66  6:59  Zealot, Adept x2  
  78  7:03  Probe x2  
  78  7:07  Pylon  
  80  7:10  Forge  
  80  7:15  Probe  
  81  7:16  Twilight Council  
  81  7:17  Probe  
  82  7:35  Sentry  
  82  7:36  Sentry x2  
  84  7:48  Protoss Ground Armor Level 1, Charge  
  84  7:50  Probe x2  
  82  7:52  Colossus  
  82  7:57  Templar Archives  
  88  7:59  Stalker  
  88  8:00  Stalker  
  88  8:02  Probe x2  
  94  8:08  Shield Battery  
  94  8:10  Probe  
  95  8:14  Probe x2  
  95  8:17  Zealot  
  99  8:28  Zealot x2  
  99  8:31  Psionic Storm  
  93  8:38  Zealot  
  93  8:39  Colossus  
  89  8:42  Probe x2  
  89  8:46  Assimilator, Probe  
  98  8:49  Sentry, Zealot  
  98  8:50  Assimilator  
  76  9:06  Probe  
  73  9:12  Forge  
  73  9:15  Zealot x3  
  79  9:21  Gateway  
  79  9:23  Gateway  
  79  9:25  Gateway  
  79  9:26  Warp Prism  
  79  9:29  Gateway  
  79  9:31  Gateway, Shield Battery  
  79  9:33  Shield Battery  
  79  9:34  Pylon  
  79  9:35  Adept  
  79  9:36  Sentry  
  85  9:40  Sentry  
  70  10:02  Zealot x2  
  70  10:05  Zealot  
Tags
 
Add a new tag
Caveats
  • Supply blocks, unpowered buildings, or Contaminate may cause inaccurate times.
  • Supply counts are checked every 10 seconds.